 Dungeon Crawl Stone Soup version 0.21-a0-84-g85d6d27 (webtiles) character file.

462 nikopol the Chopper (level 6, -2/56 HPs)
             Began as a Minotaur Berserker on June 24, 2017.
             Was a Priest of Trog.
             Slain by an ogre
             ... wielding a +0 giant spiked club
              (25 damage)
             ... on level 4 of the Dungeon.
             The game lasted 00:06:00 (3504 turns).

nikopol the Chopper (Minotaur Berserker)            Turns: 3504, Time: 00:06:00

Health: -2/56      AC:  7    Str: 21    XL:     6   Next: 79%
Magic:  5/5        EV: 11    Int:  4    God:    Trog [***...]
Gold:   364        SH:  0    Dex: 12    Spells: 5/5 levels left

rFire    . . .     SeeInvis .   a - +0 hand axe
rCold    . . .     Gourm    .   (no shield)
rNeg     . . .     Faith    .   f - +0 scale mail
rPois    .         Spirit   .   n - +0 hat
rElec    .         Reflect  .   (no cloak)
rCorr    .         Harm     .   (no gloves)
MR       .....                  (no boots)
Stlth    ..........             (no amulet)
HPRegen  0.18/turn              (no ring)
MPRegen  0.09/turn              (no ring)

@: no status effects
A: retaliatory headbutt, horns 2
a: Berserk, Trog's Hand, Burn Spellbooks, Renounce Religion


You were on level 4 of the Dungeon.
You worshipped Trog.
Trog was most pleased with you.
You were near starving.

You visited 1 branch of the dungeon, and saw 4 of its levels.
You also visited: Ossuary.

You collected 364 gold pieces.

Inventory:

Hand Weapons
 a - a +0 hand axe (weapon)
Missiles
 d - 25 arrows (quivered)
Armour
 b - a +0 animal skin
 e - +0 steam dragon scales
 f - a +0 scale mail (worn)
 j - a +0 ring mail
 n - a +0 hat (worn)
 t - a +0 leather armour of poison resistance
Scrolls
 g - a scroll of amnesia {unknown}
 h - 2 scrolls of recharging {unknown}
 i - a scroll of fear {unknown}
 k - a scroll of identify {unknown}
 r - 3 scrolls of remove curse {unknown}
 s - a scroll of magic mapping {unknown}
 u - 3 scrolls of noise {unknown}
 v - a scroll of enchant armour {unknown}
 y - a scroll of random uselessness {unknown}
 z - 2 scrolls of teleportation {unknown}
 A - a scroll of holy word {unknown}
 C - a scroll of blinking {unknown}
Potions
 m - a potion of cancellation {unknown}
 o - 3 potions of degeneration {unknown}
 p - a potion of invisibility {unknown}
 q - 4 potions of curing {unknown}
 w - 2 potions of flight {unknown}
 x - a potion of berserk rage {unknown}
 B - 2 potions of brilliance {unknown}
 D - a potion of magic {unknown}
 E - a potion of heal wounds {unknown}
Comestibles
 c - 6 bread rations
 l - 2 royal jellies


   Skills:
 + Level 5.5 Fighting
 + Level 6.4 Axes
 + Level 4.5 Armour
 + Level 3.3 Dodging
 + Level 1.0 Stealth


You had 5 spell levels left.
You didn't know any spells.

Dungeon Overview and Level Annotations

Branches:
Dungeon (4/15)
 Temple: D:4-7

Altars:
Ashenzari
Ru


Innate Abilities, Weirdness & Mutations

You reflexively headbutt those who attack you in melee.
You have a pair of horns on your head.


Message History

An ogre comes into view. It is wielding a giant spiked club.
The ogre shouts!
An ogre comes into view. It is wielding a giant spiked club.
The ogre shouts!
You slash the ogre! You headbutt the ogre.
The ogre is moderately wounded.
The ogre hits you with a giant spiked club!!
You're too hungry.
You hit the ogre. You headbutt the ogre.
The ogre is lightly wounded.
You barely miss the ogre. The ogre misses you.
You hit the ogre.
The ogre is lightly wounded.
You hit the ogre.
The ogre hits you with a giant spiked club!
You hit the ogre. You headbutt the ogre!
The ogre is heavily wounded.
You hit the ogre.
The ogre hits you with a giant spiked club!!
You die...

# #........ #.
###........
#.##..........
#............<.
###............
.......!......#
#....OO......##.##
#@.....)##..#
###......(# ..###...
#.........###..# ...
#.#.......##...# ..
###.##.#.#####...## .
#...##............####
#....................#
#...##.).##.##...###..
#........#8.8##### ###


You could see 2 ogres.

Vanquished Creatures
  An ogre (D:4)
  An orc priest (D:3)
  2 orc wizards (D:3)
  A worker ant (D:4)
  A big kobold zombie (Ossuary)
  8 mummies (Ossuary)
  6 adders
  An ooze (D:3)
  2 worms
  2 leopard geckos
  9 orcs (D:3)
  5 bats
  2 giant cockroaches (D:2)
  6 goblins
  4 hobgoblins
  14 jackals
  A quokka (D:2)
  A ball python (D:3)
  2 frilled lizards
  A hobgoblin zombie (Ossuary)
  4 kobolds
  A kobold zombie (Ossuary)
  5 orc zombies (Ossuary)
  12 rats
92 creatures vanquished.

Notes
Turn   | Place    | Note
-------+----------+-------------------------------------------
     0 | D:1      | nikopol the Minotaur Berserker began the quest for the Orb.
     0 | D:1      | Reached XP level 1. HP: 19/19 MP: 0/0
   189 | D:1      | Reached XP level 2. HP: 27/27 MP: 1/1
   589 | D:2      | Reached skill level 4 in Axes
   595 | D:2      | Reached XP level 3. HP: 33/33 MP: 2/2
   624 | D:2      | Found a sacrificial altar of Ru.
   699 | D:2      | Found a shattered altar of Ashenzari.
   812 | D:2      | Reached ** piety under Trog
   963 | D:2      | Reached XP level 4. HP: 34/41 MP: 3/3
  1295 | D:3      | Reached skill level 5 in Axes
  1519 | D:3      | Reached skill level 5 in Fighting
  1522 | D:3      | Reached XP level 5. HP: 48/48 MP: 4/4
  2286 | D:4      | Found a sand-covered staircase.
  2291 | Ossuary  | Entered an ossuary
  2328 | Ossuary  | Reached *** piety under Trog
  2333 | Ossuary  | Reached skill level 1 in Stealth
  2526 | Ossuary  | Reached XP level 6. HP: 51/56 MP: 5/5
  2708 | Ossuary  | Reached skill level 6 in Axes
  3504 | D:4      | Slain by an ogre

Vault maps used:
D:1:      dpeg_arrival_ratfight, st_stairs_11
D:2:      marbit_many_paths, nicolae_ru_sacrificial_ziggurat
D:4:      gammafunk_temple_overflow_statue,
          nicolae_ossuary_entry_false_entrances, first_bread,
          small_statue_intersection, nicolae_zen_rock_garden, roderic_whirl,
          lightli_minifort, uniq_crazy_yiuf_cottage
Ossuary:  ossuary_tomb_3

Skill      XL: |  1  2  3  4  5  6 |
---------------+-------------------+-----
Fighting       | 4 5 |  5.5
Axes           | 4 5 6 |  6.4
Armour         | 3 4 |  4.5
Dodging        | 3 |  3.3
Stealth        | 1 |  1.0

Action                   |  1- 3 |  4- 6 || total
-------------------------+-------+-------++-------
Melee: Hand axe          |    63 |   139 ||   202
       Headbutt          |     9 |    36 ||    45
Invok: Berserk           |     1 |     2 ||     3
  Eat: Chunk             |     1 |     6 ||     7
       Royal jelly       |       |     1 ||     1
Armor: Steam dragon scal |    14 |       ||    14
       Leather armour    |     3 |     1 ||     4
       Scale mail        |       |    30 ||    30
Dodge: Dodged            |    48 |    73 ||   121
